[Event "Team 45 45 League T42"]
[Site "Internet Chess Club"]
[Date "2009.08.28"]
[Round "5"]
[White "Newcastler"]
[Black "dornoch"]
[Result "1-0"]
[WhiteElo "1292"]
[BlackElo "1006"]
[Opening "Kevitz-Trajkovich defense"]
[ECO "A40"]
[Time "20:00:09"]
[TimeControl "2700+45"]

1. d4 Nc6 2. c4 Nf6 3. Nc3 d5 4. f3 e6 5. Bf4 Bd6 6. Bg5 Bb4 7. Qc2 Bxc3+ 8.
Qxc3 dxc4 9. e3 b5 10. a4 b4 11. Qxc4 Qd5 12. Bxf6 Qxc4 13. Bxc4 gxf6 14. Ne2 a5
15. Bb5 Bd7 16. e4 Na7 17. Bxd7+ Kxd7 18. O-O Rac8 19. Rfd1 Ke7 20. Rac1 Kd7 21.
Rc5 c6 22. Rxa5 Ra8 23. Rc5 Rhb8 24. b3 Rd8 25. Nf4 Ke7 26. d5 e5 27. Nh5 cxd5
28. exd5 Rac8 29. Rxc8 Rxc8 30. Ng7 Rc3 31. Nf5+ Kd7 32. Rb1 Nc8 33. a5 Rc2 34.
Ne3 Ra2 35. Nc4 Nd6 36. Nb6+ Kc7 37. Rc1+ Kb7 38. Na4 Nb5 39. Rc4 Ka6 40. Rc8
{Black forfeits on time} 1-0

[Event "Team 45 45 League T42"]
[Site "Internet Chess Club"]
[Date "2009.08.30"]
[Round "5"]
[White "peterts"]
[Black "carolinaknight"]
[Result "1-0"]
[WhiteElo "995"]
[BlackElo "1150"]
[Opening "Amar (Paris) opening"]
[ECO "A00"]
[Time "16:58:56"]
[TimeControl "2700+45"]

1. Nh3 e6 2. g3 Nf6 3. Bg2 c5 4. O-O Nc6 5. e4 d6 6. Re1 Qc7 7. Nc3 a6 8. Ng5
Be7 9. f4 O-O 10. e5 dxe5 11. fxe5 Nxe5 12. Nce4 Bd7 13. Nxf6+ Bxf6 14. Qh5 h6
15. Ne4 Be7 16. d4 cxd4 17. Bxh6 gxh6 18. Qxh6 Qxc2 19. Ng5 Bc5 20. Kh1 f6 21.
Be4 Qxe4+ 22. Rxe4 Bc6 23. Qh7# {Black checkmated} 1-0

[Event "Team 45 45 League T42"]
[Site "Internet Chess Club"]
[Date "2009.08.31"]
[Round "5"]
[White "SugarIslander"]
[Black "tourettes"]
[Result "1-0"]
[WhiteElo "1706"]
[BlackElo "1639"]
[Opening "Nimzo-Indian: Leningrad variation"]
[ECO "E30"]
[Time "16:01:24"]
[TimeControl "2700+45"]

1. d4 Nf6 2. c4 e6 3. Nc3 Bb4 4. Bg5 h6 5. Bh4 Bxc3+ 6. bxc3 d6 7. e3 O-O 8. Bd3
Nbd7 9. Ne2 Qe8 10. O-O b6 11. f3 Ba6 12. e4 Qc8 13. Qc2 e5 14. f4 Ng4 15. Rf3
Bb7 16. h3 Ngf6 17. fxe5 dxe5 18. Bxf6 gxf6 19. Ng3 Kh7 20. Raf1 c5 21. Qd2 Rg8
22. Qf2 Rg6 23. Nh5 Qc6 24. Nxf6+ Nxf6 25. Rxf6 Rxf6 26. Qxf6 Qxf6 27. Rxf6 Kg7
28. Rd6 exd4 29. cxd4 cxd4 30. Rxd4 Re8 31. Kf2 Bc6 32. g4 Re6 33. Ke3 Kg6 34.
h4 Kg7 35. Bc2 Rf6 36. Rd1 a6 37. Bd3 Bd7 38. Be2 Bc8 39. Rc1 Rc6 40. Kd4 Rd6+
41. Ke3 Rc6 42. Rd1 Be6 43. Rd4 Rc5 44. Rd6 b5 45. Kd4 Rc7 46. cxb5 axb5 47.
Bxb5 Bxa2 48. Bd3 Rc1 49. Ke3 Rd1 50. Rb6 Be6 51. Be2 Re1 52. Kf2 Ra1 53. Kf3
Re1 54. Kf2 Ra1 55. Bf3 Ra3 56. Rb1 Kf6 57. Kg3 Ke5 58. Rb5+ Kf6 59. g5+ hxg5
60. Rxg5 Bc4 61. Kf4 Ke7 62. h5 Ra6 63. Rg2 Rh6 64. Kg5 Rh8 65. Rh2 f6+ 66. Kf4
Bf7 67. h6 Be6 68. Bg4 Bc4 69. Bf5 Bf7 70. Rh3 Bc4 71. h7 Kd6 72. Rg3 Kc5 73.
Rg7 Kd6 74. Rd7+ Kc6 75. Kg4 Be2+ 76. Kf4 Bc4 77. Rg7 Kd6 78. Ra7 Kc6 79. Ke3
Kb6 80. Re7 Kc6 81. Kd4 Ba2 82. Ra7 Rd8+ 83. Kc3 Bb1 84. Ra6+ {Black resigns}
1-0

[Event "Team 45 45 League T42"]
[Site "Internet Chess Club"]
[Date "2009.08.26"]
[Round "5"]
[White "MarkNY"]
[Black "oldsj"]
[Result "0-1"]
[WhiteElo "1644"]
[BlackElo "1648"]
[Opening "Ruy Lopez: open, Bernstein variation"]
[ECO "C80"]
[Time "17:00:27"]
[TimeControl "2700+45"]

1. e4 e5 2. Nf3 Nc6 3. Bb5 a6 4. Ba4 Nf6 5. O-O Nxe4 6. d4 b5 7. Bb3 d5 8. dxe5
Be6 9. Nbd2 Nc5 10. c3 d4 11. cxd4 Nxd4 12. Nxd4 Qxd4 13. Bxe6 Nxe6 14. Nf3 Qd8
15. Be3 Be7 16. Nd4 Nxd4 17. Qxd4 c5 18. Qg4 Kf8 19. e6 Qc8 20. Qf5 Qxe6 21.
Qxe6 fxe6 22. Rad1 Kf7 23. Rd7 Rhd8 24. Rfd1 c4 25. Bc5 Re8 26. Rc7 Kf6 27.
Bxe7+ Rxe7 28. Rxe7 Kxe7 29. Kf1 Rf8 30. Ke2 Rf5 31. g3 Rd5 32. Rd2 Kf6 33. Ke3
Rxd2 34. Kxd2 Ke5 35. Ke3 Kd5 36. f4 g6 37. g4 h6 38. h4 h5 39. f5 exf5 40. gxf5
gxf5 41. Kf4 b4 42. Ke3 Ke5 43. a3 a5 44. a4 f4+ 45. Kf3 c3 46. bxc3 b3 {White
resigns} 0-1

[Event "Team 45 45 League T42"]
[Site "Internet Chess Club"]
[Date "2009.08.30"]
[Round "5"]
[White "Berkshires"]
[Black "john-beebs"]
[Result "1-0"]
[WhiteElo "1581"]
[BlackElo "1502"]
[Opening "Ruy Lopez: closed"]
[ECO "C90"]
[Time "15:30:26"]
[TimeControl "2700+45"]

1. e4 e5 2. Nf3 Nc6 3. Bb5 a6 4. Ba4 Nf6 5. O-O Be7 6. Re1 b5 7. Bb3 d6 8. c3
Na5 9. Bc2 O-O 10. d4 Bb7 11. Bg5 c5 12. dxe5 Ng4 13. Bxe7 Qxe7 14. exd6 Qf6 15.
h3 Ne5 16. Nxe5 Qxe5 17. d7 Nc4 18. b3 Nd6 19. Nd2 Rfd8 20. Nf3 Qe6 21. e5 Nf5
22. Qe2 Rxd7 23. Ng5 Qd5 24. Nf3 Qe6 25. Rad1 Rad8 26. Rxd7 Rxd7 27. Ng5 Qg6 28.
h4 f6 29. exf6 Rd8 30. Qe6+ Kf8 31. Bxf5 Qxf6 {Black resigns} 1-0

[Event "Team 45 45 League T42"]
[Site "Internet Chess Club"]
[Date "2009.08.30"]
[Round "5"]
[White "vaknight"]
[Black "xt"]
[Result "1-0"]
[WhiteElo "1693"]
[BlackElo "1499"]
[Opening "Bird's opening"]
[ECO "A03"]
[Time "20:11:36"]
[TimeControl "2700+45"]

1. f4 d5 2. Nf3 Nc6 3. e3 e6 4. b3 Be7 5. Bb2 Nf6 6. Be2 O-O 7. O-O Bc5 8. c3
Ne4 9. Na3 Re8 10. Nc2 e5 11. fxe5 Nxe5 12. Nxe5 Rxe5 13. d4 Rg5 14. dxc5 Bh3
15. Bf3 Nxc5 16. Kh1 Bf5 17. Nd4 Bd3 18. Be2 Be4 19. Nf3 Rg6 20. c4 Qd6 21. Be5
Qc6 22. Rc1 Qa6 23. cxd5 Qxa2 24. Rxc5 Re8 25. Bg3 Rh6 26. Bd3 Bxd3 27. Qxd3 Rf6
28. Rxc7 Rd8 29. e4 g5 30. e5 {Black resigns} 1-0

[Event "Team 45 45 League T42"]
[Site "Internet Chess Club"]
[Date "2009.08.30"]
[Round "5"]
[White "Salvatore"]
[Black "Kallistos"]
[Result "1-0"]
[WhiteElo "1647"]
[BlackElo "1780"]
[Opening "Levitsky attack (Queen's bishop attack)"]
[ECO "D00"]
[Time "16:15:32"]
[TimeControl "2700+45"]

1. d4 d5 2. Bg5 h6 3. Bh4 Nc6 4. h3 Nf6 5. f3 e6 6. e3 Be7 7. Bb5 Bd7 8. Ne2 O-O
9. O-O a6 10. Ba4 b5 11. Bb3 Na5 12. c3 Nxb3 13. axb3 c5 14. Nd2 c4 15. bxc4
dxc4 16. e4 Bc6 17. Re1 Re8 18. Nf1 g5 19. Bf2 Bd6 20. e5 Nh5 21. exd6 Qxd6 22.
Nfg3 Nf4 23. Nxf4 Qxf4 24. Nh5 Qf5 25. Re5 Qg6 26. g4 f6 27. Rc5 Bd5 28. Qe2 Re7
29. Rxd5 {Black resigns} 1-0

[Event "Team 45 45 League T42"]
[Site "Internet Chess Club"]
[Date "2009.08.29"]
[Round "5"]
[White "werty"]
[Black "Berke"]
[Result "1/2-1/2"]
[WhiteElo "1569"]
[BlackElo "1618"]
[Opening "Queen's pawn: Yusupov-Rubinstein system"]
[ECO "A46"]
[Time "14:30:34"]
[TimeControl "2700+45"]

1. d4 Nf6 2. Nf3 e6 3. e3 c5 4. Bd3 Nc6 5. c3 cxd4 6. exd4 b6 7. Bg5 Be7 8. Nbd2
Bb7 9. O-O d6 10. Qc2 g6 11. a4 Rc8 12. Ne4 Nb4 13. Bb5+ Bc6 14. Bxc6+ Rxc6 15.
Nxf6+ Bxf6 16. Qd2 Bxg5 17. Qxg5 Qxg5 18. Nxg5 Nd5 19. g3 h6 20. Nf3 Nf6 21.
Rfe1 d5 22. Ne5 Rc7 23. f3 O-O 24. Re2 {Game drawn by mutual agreement} 1/2-1/2

[Event "Team 45 45 League T42"]
[Site "Internet Chess Club"]
[Date "2009.08.29"]
[Round "5"]
[White "arjun"]
[Black "jacknor"]
[Result "0-1"]
[WhiteElo "1510"]
[BlackElo "1623"]
[Opening "Sicilian: dragon variation"]
[ECO "B70"]
[Time "19:00:12"]
[TimeControl "2700+45"]

1. e4 c5 2. Nf3 d6 3. d4 cxd4 4. Nxd4 Nf6 5. Nc3 g6 6. Bc4 Bg7 7. Be3 O-O 8. O-O
Nc6 9. Nxc6 bxc6 10. Re1 c5 11. e5 Ng4 12. e6 Bxe6 13. Bxe6 Nxe3 14. Bxf7+ Rxf7
15. Rxe3 Bd4 16. Rf3 Qf8 17. Rb1 Rxf3 18. Qxf3 Qxf3 19. gxf3 Rb8 20. Nd5 e6 21.
Ne7+ Kf7 22. Nc6 Rb6 23. Nxd4 cxd4 24. Kf1 Kf6 25. Ke2 Kf5 26. Kd3 e5 27. b3 Rc6
28. Rg1 Rc3+ 29. Kd2 Rxf3 30. Rg2 Ke4 31. Rg4+ Rf4 32. Rxf4+ Kxf4 33. a4 Ke4 34.
b4 Kd5 35. Kd3 e4+ 36. Kd2 Kc4 37. b5 Kb4 38. h3 Kxa4 39. c3 d3 40. f3 exf3 41.
Kxd3 Kxb5 42. Ke3 Kc4 43. Kxf3 a5 44. Ke2 a4 45. Kd1 a3 46. Kc1 Kxc3 47. Kb1 d5
48. Ka2 d4 49. h4 d3 50. Kb1 d2 51. Ka2 d1=Q 52. h5 Qb3+ 53. Ka1 Qb2# {White
checkmated} 0-1

[Event "Team 45 45 League T42"]
[Site "Internet Chess Club"]
[Date "2009.08.30"]
[Round "5"]
[White "TigerLilly"]
[Black "GadsHill"]
[Result "1-0"]
[WhiteElo "1536"]
[BlackElo "1501"]
[Opening "King's pawn opening"]
[ECO "B07"]
[Time "21:00:30"]
[TimeControl "2700+45"]

1. e4 d6 2. Bc4 Nf6 3. d3 e5 4. Qf3 Be6 5. Ne2 Nc6 6. Nbc3 Na5 7. Bb3 Nxb3 8.
axb3 c6 9. O-O g6 10. Bg5 h6 11. Bxf6 {Black resigns} 1-0

[Event "Team 45 45 League T42"]
[Site "Internet Chess Club"]
[Date "2009.09.01"]
[Round "5"]
[White "wrimle"]
[Black "optional"]
[Result "0-1"]
[WhiteElo "1414"]
[BlackElo "1585"]
[Opening "Vienna gambit"]
[ECO "C29"]
[Time "16:30:07"]
[TimeControl "2700+45"]

1. e4 e5 2. Nc3 Nf6 3. f4 d6 4. Nf3 Nc6 5. Bb5 Bd7 6. d3 Nd4 7. Bxd7+ Nxd7 8.
Nxd4 exd4 9. Ne2 Qf6 10. O-O O-O-O 11. b3 h5 12. Bb2 Qg6 13. Bxd4 h4 14. f5 Qg5
15. Nf4 Ne5 16. Nh3 Qh6 17. Bxa7 b6 18. Qe1 Kb7 19. Bxb6 cxb6 20. a4 Ng4 21. a5
d5 22. axb6 Qxb6+ 23. Kh1 Qc7 24. Nf4 h3 25. g3 Qxc2 26. Qe2 Qxe2 27. Nxe2 dxe4
28. dxe4 Rd2 29. Rf4 Rxe2 30. Rxg4 Kb8 31. Rb1 Rh6 32. Kg1 Bc5+ 33. Kh1 Rd6 34.
b4 Rb2 35. Rf1 Rdd2 {White resigns} 0-1

[Event "Team 45 45 League T42"]
[Site "Internet Chess Club"]
[Date "2009.08.28"]
[Round "5"]
[White "sdcohle"]
[Black "icey"]
[Result "1-0"]
[WhiteElo "1359"]
[BlackElo "852"]
[Opening "QGA: 3.e4"]
[ECO "D20"]
[Time "20:00:11"]
[TimeControl "2700+45"]

1. d4 d5 2. c4 dxc4 3. e4 Nc6 4. Nf3 Nf6 5. Nc3 e6 6. Bxc4 Be7 7. O-O O-O 8. e5
Ng4 9. h3 Nh6 10. Bxh6 gxh6 11. Qd2 Kh8 12. Rfd1 Nb4 13. a3 a5 14. axb4 b6 15.
bxa5 bxa5 16. Qxh6 Rg8 17. Qd2 Bd7 18. Ne4 Re8 19. Rxa5 Rxa5 20. Qxa5 Kg8 21. b4
c6 22. Qxd8 Rxd8 23. Nc5 Bxc5 24. dxc5 f5 25. exf6 Kf7 26. Ne5+ Kxf6 27. Nxd7+
Rxd7 28. Rxd7 Ke5 29. Rxh7 Kd4 30. Rh4+ Ke5 31. f3 Kf6 32. Rh6+ Ke7 33. Rxe6+
Kd7 34. h4 Kc7 35. h5 Kd7 36. h6 Kc7 37. h7 Kd7 38. h8=Q Kc7 39. Qh7+ Kc8 40.
Re8# {Black checkmated} 1-0

[Event "Team 45 45 League T42"]
[Site "Internet Chess Club"]
[Date "2009.08.30"]
[Round "5"]
[White "Aquaman"]
[Black "stputte"]
[Result "0-1"]
[WhiteElo "1331"]
[BlackElo "1455"]
[Opening "Réti v Dutch"]
[ECO "A04"]
[Time "15:00:12"]
[TimeControl "2700+45"]

1. Nf3 f5 2. g3 Nf6 3. Bg2 g6 4. O-O Bg7 5. d4 O-O 6. c3 d6 7. Nbd2 Qe8 8. Re1
e5 9. dxe5 dxe5 10. Nf1 e4 11. Nd4 Nc6 12. Nxc6 Qxc6 13. h3 Be6 14. Bf4 Rad8 15.
Qc1 Nh5 16. Bd2 Qa6 17. e3 Nf6 18. Nh2 Nd7 19. Bf1 Qb6 20. b3 Nc5 21. Rb1 Nd3
22. Bxd3 Rxd3 23. c4 Rfd8 24. Nf1 Qa6 25. a3 f4 26. exf4 Bxh3 27. Be3 Bg4 28.
Nd2 Bc3 29. Nxe4 Bxe1 30. Nc5 Rd1 31. Qc2 Qc6 32. Rxd1 Rxd1 33. Kh2 Bxf2 34.
Qxd1 Bxg3+ 35. Kxg3 Bxd1 36. Kh2 Qf3 37. Bc1 Qf2+ {White resigns} 0-1

[Event "Team 45 45 League T42"]
[Site "Internet Chess Club"]
[Date "2009.08.29"]
[Round "5"]
[White "JimGaming"]
[Black "nozmov"]
[Result "0-1"]
[WhiteElo "1268"]
[BlackElo "1391"]
[Opening "French: advance, Paulsen attack"]
[ECO "C02"]
[Time "13:00:25"]
[TimeControl "2700+45"]

1. e4 e6 2. d4 d5 3. e5 c5 4. c3 Nc6 5. Nf3 cxd4 6. cxd4 Qb6 7. Bd3 Bd7 8. O-O
Nxd4 9. Nxd4 Qxd4 10. Nc3 Qxe5 11. Re1 Qc7 12. Nxd5 Qb8 13. Bf4 Bd6 14. Qg4 Kf8
15. Bxd6+ Qxd6 16. Qb4 Qxb4 17. Nxb4 Ne7 18. a4 f6 19. Bb5 Bxb5 20. axb5 Kf7 21.
Rac1 Rhc8 22. Rc3 Rxc3 23. bxc3 Rc8 24. Rc1 Nd5 25. Na2 Nb6 26. Nb4 Rc5 27. g3
Rxb5 28. Ra1 a5 29. Na2 Ke7 30. Nc1 Nc4 31. Ne2 e5 32. Kg2 b6 33. g4 Rb3 34. Kf3
Ra3 35. Rc1 a4 36. Ng3 Nd6 37. Ke3 b5 38. Nf5+ Nxf5+ 39. gxf5 b4 40. Kd2 bxc3+
41. Rxc3 Rxc3 42. Kxc3 Kd6 43. Kb4 e4 44. Kxa4 Ke5 45. Kb3 Kxf5 46. Kc2 Kf4 47.
Kd2 Kf3 48. Ke1 Kg2 49. Ke2 Kxh2 50. f3 Kg2 51. fxe4 h5 52. Ke3 h4 53. Kf4 h3
54. Kf5 h2 55. Kg6 h1=Q 56. Kxg7 Qh4 57. Kg6 Qxe4+ 58. Kxf6 Kg3 {White resigns}
0-1

[Event "Team 45 45 League T42"]
[Site "Internet Chess Club"]
[Date "2009.08.31"]
[Round "5"]
[White "kabubi"]
[Black "MeansToAnEnd"]
[Result "0-1"]
[WhiteElo "1217"]
[BlackElo "1113"]
[Opening "QGA: 3.Nf3"]
[ECO "D21"]
[Time "18:19:39"]
[TimeControl "2700+45"]

1. d4 d5 2. c4 dxc4 3. Nf3 e6 4. e4 b6 5. Bxc4 Bb7 6. Nc3 c5 7. O-O Nc6 8. Bb5
a6 9. Bxc6+ Bxc6 10. d5 Bb7 11. Qa4+ b5 12. Qd1 Ne7 13. dxe6 fxe6 14. Qxd8+ Rxd8
15. Rd1 Rxd1+ 16. Nxd1 Bxe4 17. Be3 Nf5 18. Ng5 Bd5 19. b3 Be7 20. Nh3 O-O 21.
Rc1 Nxe3 22. Nxe3 Bb7 23. f3 Rd8 24. Nf4 Bg5 25. g3 Bxf3 26. Rxc5 Bxf4 27. gxf4
Rd2 28. f5 Re2 29. Nf1 Bd5 30. Ng3 Rxa2 31. fxe6 Bxe6 32. Nh5 Bxb3 33. Rc8+ Kf7
34. Rc7+ Kg6 35. Nf4+ Kh6 36. Rc6+ g6 37. Nd3 Bc4 38. Nc5 a5 39. Ne4 Bd5 40. Nc3
Rg2+ {White resigns} 0-1

[Event "Team 45 45 League T42"]
[Site "Internet Chess Club"]
[Date "2009.08.29"]
[Round "5"]
[White "upsan"]
[Black "TerryMalloy"]
[Result "0-1"]
[WhiteElo "1833"]
[BlackElo "1985"]
[Opening "Sicilian: Canal-Sokolsky (Nimzovich-Rossolimo, Moscow) attack"]
[ECO "B51"]
[Time "16:04:42"]
[TimeControl "2700+45"]

1. e4 c5 2. Nf3 d6 3. Bb5+ Nd7 4. O-O Nf6 5. Re1 a6 6. Bf1 g6 7. d4 cxd4 8. Nxd4
Bg7 9. Nc3 O-O 10. Be3 Qc7 11. f3 b5 12. Qd2 Bb7 13. Rad1 Rfc8 14. Bd3 Ne5 15.
Bh6 Nxd3 16. cxd3 Qc5 17. Be3 Qc7 18. Rc1 Qa5 19. b3 Qd8 20. Nde2 Rc6 21. d4 e6
22. Bg5 Rac8 23. Kh1 Qd7 24. Bxf6 Bxf6 25. d5 R6c7 26. Nd4 exd5 27. Nxd5 Bxd5
28. Rxc7 Qxc7 29. exd5 Qc5 30. Ne2 Qc2 31. Rd1 Bg5 32. f4 Qxd2 33. Rxd2 Bxf4 34.
Rd4 Be5 35. Rd2 f5 36. g3 g5 37. Kg2 Kf7 38. Kf3 Kf6 39. Ke3 h5 40. Kd3 h4 41.
gxh4 g4 42. Nd4 Rc5 43. Nc6 Rxd5+ 44. Ke2 Rxd2+ 45. Kxd2 Bxh2 46. Ke2 Bf4 47.
Nb4 a5 48. Nd5+ Ke5 49. Ne7 Ke4 50. h5 d5 51. Ng8 d4 52. h6 d3+ 53. Kd1 Be5 54.
Ne7 g3 {White resigns} 0-1

[Event "Team 45 45 League T42"]
[Site "Internet Chess Club"]
[Date "2009.09.01"]
[Round "5"]
[White "hondocando"]
[Black "qs16"]
[Result "1-0"]
[WhiteElo "1683"]
[BlackElo "1602"]
[Opening "Sicilian: closed, 6.Be3"]
[ECO "B26"]
[Time "08:00:06"]
[TimeControl "2700+45"]

1. e4 c5 2. Nc3 Nc6 3. g3 g6 4. Bg2 Bg7 5. d3 d6 6. Be3 e6 7. Qd2 Rb8 8. Nge2
Nd4 9. Nd1 b5 10. c3 Nxe2 11. Qxe2 b4 12. cxb4 Rxb4 13. Bd2 Rb8 14. Bc3 Bxc3+
15. bxc3 Ba6 16. O-O Ne7 17. Ne3 Qa5 18. c4 Nc6 19. f4 Nd4 20. Qf2 Qa3 21. Rad1
Rb2 22. Rd2 Rxd2 23. Qxd2 O-O 24. f5 Rb8 25. f6 Rb2 26. Nc2 e5 27. Qh6 {Black
resigns} 1-0

[Event "Team 45 45 League T42"]
[Site "Internet Chess Club"]
[Date "2009.08.28"]
[Round "5"]
[White "SugarIslander"]
[Black "crag"]
[Result "0-1"]
[WhiteElo "1692"]
[BlackElo "1868"]
[Opening "Nimzo-Indian: Sämisch, main line"]
[ECO "E29"]
[Time "11:00:19"]
[TimeControl "2700+45"]

1. d4 e6 2. c4 Nf6 3. Nc3 Bb4 4. a3 Bxc3+ 5. bxc3 c5 6. e3 O-O 7. Bd3 Nc6 8. Ne2
b6 9. O-O Ba6 10. Ng3 Na5 11. Qe2 cxd4 12. cxd4 Rc8 13. Bd2 Nxc4 14. Bb4 Re8 15.
Rfc1 d5 16. Rc3 Bb7 17. Bxc4 dxc4 18. Rxc4 Qd5 19. Ne4 Rxc4 20. Nxf6+ gxf6 21.
Qg4+ Kh8 22. f3 Rg8 23. Qf4 Qxf3 {White resigns} 0-1

[Event "Team 45 45 League T42"]
[Site "Internet Chess Club"]
[Date "2009.08.27"]
[Round "5"]
[White "tammany"]
[Black "oldsj"]
[Result "0-1"]
[WhiteElo "1739"]
[BlackElo "1669"]
[Opening "King's Indian, 3.Nf3"]
[ECO "E90"]
[Time "18:00:21"]
[TimeControl "2700+45"]

1. Nf3 Nf6 2. c4 g6 3. d4 Bg7 4. Nc3 O-O 5. e4 d6 6. h3 e5 7. Bg5 Nc6 8. dxe5
dxe5 9. Nd5 h6 10. Bxf6 Bxf6 11. Bd3 Bg7 12. O-O Ne7 13. Qc2 f5 14. Nxe7+ Qxe7
15. exf5 gxf5 16. Nh2 e4 17. Be2 Qc5 18. Rad1 Be6 19. a3 Qb6 20. b4 c5 21. Rb1
Rf7 22. bxc5 Qxc5 23. Rb5 Qxa3 24. Rfb1 b6 25. c5 bxc5 26. Bc4 Bxc4 27. Qxc4 Rf8
28. Rxc5 Qd3 29. Qa2 e3 30. Rd5 exf2+ 31. Kh1 Bd4 32. Rf1 Qe4 33. Nf3 Bb6 34.
Ne5 Qe1 35. Nxf7 Qxf1+ 36. Kh2 Rxf7 37. Rxf5 Bc7+ {White resigns} 0-1

[Event "Team 45 45 League T42"]
[Site "Internet Chess Club"]
[Date "2009.08.28"]
[Round "5"]
[White "tsia68"]
[Black "trucazzo"]
[Result "0-1"]
[WhiteElo "1919"]
[BlackElo "2088"]
[Opening "English, Tröger defense"]
[ECO "A20"]
[Time "16:08:49"]
[TimeControl "2700+45"]

1. c4 e5 2. g3 d6 3. Bg2 Nc6 4. Nc3 Be6 5. d3 Qd7 6. Nd5 Nd8 7. e4 g6 8. Be3 Bg7
9. Rc1 c6 10. Nc3 Ne7 11. Qa4 O-O 12. Nge2 Bh3 13. O-O Bxg2 14. Kxg2 f5 15. f4
Ne6 16. b4 Rf7 17. c5 d5 18. Bg1 Raf8 19. fxe5 f4 20. Nxf4 Nxf4+ 21. Rxf4 Rxf4
22. gxf4 Qg4+ 23. Kh1 Qf3# {White checkmated} 0-1

[Event "Team 45 45 League T42"]
[Site "Internet Chess Club"]
[Date "2009.08.30"]
[Round "5"]
[White "Konstantinos"]
[Black "PANAMA-REY"]
[Result "0-1"]
[WhiteElo "1678"]
[BlackElo "1474"]
[Opening "QGD Slav: 4.Nc3"]
[ECO "D15"]
[Time "10:00:20"]
[TimeControl "2700+45"]

1. d4 d5 2. c4 Nf6 3. Nc3 c6 4. Nf3 Bg4 5. e3 Nbd7 6. cxd5 cxd5 7. Be2 e6 8. h3
Bh5 9. O-O Bd6 10. Nb5 Be7 11. b3 O-O 12. Bb2 a6 13. Nc3 h6 14. Rc1 Rc8 15. Na4
Re8 16. Nd2 Bg6 17. Rxc8 Qxc8 18. Nc3 Qb8 19. Nf3 Bd6 20. Bd3 Bxd3 21. Qxd3 b5
22. Nd2 e5 23. dxe5 Nxe5 24. Qd4 Qb7 25. Rd1 Nc6 26. Qd3 Rd8 27. Kf1 b4 28. Nxd5
Nxd5 29. Qxd5 Qc7 30. Qf3 Ne5 31. Bxe5 Bxe5 32. Nc4 Rxd1+ 33. Qxd1 Bc3 34. Qd6
Qb7 35. Qd8+ Kh7 36. Qd3+ Kg8 37. f3 Qe7 38. Nb6 Qh4 39. Qd1 Qg3 40. Nc4 Qh2 41.
Kf2 Bf6 42. Qf1 Bh4+ 43. Ke2 Qc7 44. f4 Qc6 45. Qf3 Qb5 46. Qa8+ Kh7 47. Qe4+
Kg8 48. Qe5 Qb7 49. Kf1 Bf6 50. Qh5 Qd7 51. Qe2 Qf5 52. Kg1 Qb1+ 53. Kh2 Qf5 54.
Qf3 h5 55. Qa8+ Kh7 56. Qxa6 h4 57. Qb7 Qc2 58. Qxb4 Qxa2 59. e4 Bd4 60. e5 Qf2
61. Qd2 Qg1# {White checkmated} 0-1

[Event "Team 45 45 League T42"]
[Site "Internet Chess Club"]
[Date "2009.08.27"]
[Round "5"]
[White "betto2506"]
[Black "gmlevanzov"]
[Result "0-1"]
[WhiteElo "1493"]
[BlackElo "1591"]
[Opening "Sicilian: Najdorf, 6.f4"]
[ECO "B93"]
[Time "22:00:10"]
[TimeControl "2700+45"]

1. e4 c5 2. Nf3 d6 3. d4 cxd4 4. Nxd4 Nf6 5. Nc3 a6 6. f4 e5 7. Nb3 Be7 8. fxe5
dxe5 9. Qxd8+ Bxd8 10. Bd3 O-O 11. Be3 Nbd7 12. h3 b5 13. Nc5 Nxc5 14. Bxc5 Re8
15. a3 Bb7 16. Kd2 Bc7 17. Rhe1 Rad8 18. Rad1 Bd6 19. Bb6 Rc8 20. g4 Bc7 21. Bc5
Red8 22. Ke3 Nd7 23. Be7 Re8 24. Bh4 Nc5 25. Bf1 f6 26. b4 Ne6 27. Rd2 Bb6+ 28.
Ke2 Rxc3 {White resigns} 0-1

[Event "Team 45 45 League T42"]
[Site "Internet Chess Club"]
[Date "2009.08.29"]
[Round "5"]
[White "chiiwen"]
[Black "nardz"]
[Result "1-0"]
[WhiteElo "2116"]
[BlackElo "2050"]
[Opening "Sicilian: Najdorf, Lipnitzky attack"]
[ECO "B86"]
[Time "18:31:51"]
[TimeControl "2700+45"]

1. e4 c5 2. Nf3 d6 3. d4 cxd4 4. Nxd4 Nf6 5. Nc3 a6 6. Bc4 e6 7. Bb3 Nbd7 8. Bg5
Nc5 9. f4 h6 10. Bh4 g5 11. fxg5 Nfxe4 12. Nxe4 Nxe4 13. Qh5 Qa5+ 14. c3 Nxg5
15. O-O-O Bd7 16. Nxe6 Bxe6 17. Bxe6 Qc5 18. Rhe1 Be7 19. Bxf7+ Kd8 20. Rd5 Qc7
21. Bxg5 Bxg5+ 22. Rxg5 Rf8 23. Rf5 Qd7 24. Be6 Qg7 25. Rxf8+ Qxf8 26. Qh4+ Kc7
27. Qc4+ Kb6 28. Rf1 Qd8 29. Qd4+ Kc7 30. Rf7+ Kb8 31. Qe3 {Black resigns} 1-0

[Event "Team 45 45 League T42"]
[Site "Internet Chess Club"]
[Date "2009.08.31"]
[Round "5"]
[White "QueensCounselor"]
[Black "martineden"]
[Result "1/2-1/2"]
[WhiteElo "2056"]
[BlackElo "1972"]
[Opening "Benkö gambit accepted"]
[ECO "A58"]
[Time "11:07:13"]
[TimeControl "2700+45"]

1. d4 Nf6 2. c4 c5 3. d5 b5 4. cxb5 a6 5. bxa6 Bxa6 6. Nc3 g6 7. g3 Bg7 8. Bg2
d6 9. Nf3 O-O 10. O-O Nbd7 11. Qc2 Ng4 12. Re1 Qb6 13. e4 Rfb8 14. Rb1 Nge5 15.
Rd1 Qa5 16. Nxe5 Nxe5 17. Bg5 Ra7 18. a3 Rab7 19. b4 cxb4 20. axb4 Qc7 21. Qd2
Nc4 22. Qc1 Rxb4 23. Rxb4 Rxb4 24. Bf1 {Game drawn by mutual agreement} 1/2-1/2

[Event "Team 45 45 League T42"]
[Site "Internet Chess Club"]
[Date "2009.08.29"]
[Round "5"]
[White "jeffc0667"]
[Black "livis"]
[Result "0-1"]
[WhiteElo "1902"]
[BlackElo "1999"]
[Opening "QGD Slav/Grünfeld: Schlechter variation"]
[ECO "D15"]
[Time "15:01:52"]
[TimeControl "2700+45"]

1. d4 d5 2. c4 c6 3. Nf3 Nf6 4. Nc3 g6 5. e3 Bg7 6. Qb3 O-O 7. Bd2 h6 8. Rc1 e6
9. Bd3 Nbd7 10. O-O Re8 11. Rfd1 Nh7 12. e4 dxe4 13. Nxe4 Nb6 14. Be3 Nf8 15. a4
f5 16. Nc5 Nbd7 17. d5 cxd5 18. cxd5 Nxc5 19. Bxc5 e5 20. Bxf8 Rxf8 21. d6+ Kh8
22. Bb5 e4 23. d7 Bxd7 24. Rxd7 Qf6 25. Nd4 a6 26. Ne6 axb5 27. Rxg7 Rac8 28.
Rgc7 Rxc7 29. Rxc7 Re8 {White forfeits on time} 0-1

[Event "Team 45 45 League T42"]
[Site "Internet Chess Club"]
[Date "2009.08.29"]
[Round "5"]
[White "rubo"]
[Black "chess9793"]
[Result "0-1"]
[WhiteElo "1682"]
[BlackElo "1878"]
[Opening "Bird's opening"]
[ECO "A03"]
[Time "23:00:07"]
[TimeControl "2700+45"]

1. f4 d5 2. Nf3 Nf6 3. e3 Bg4 4. h3 Bxf3 5. Qxf3 Nbd7 6. c4 e5 7. cxd5 e4 8. Qf2
Nxd5 9. Nc3 Nb4 10. Kd1 Nc5 11. a3 Nbd3 12. Bxd3 Nxd3 13. Qg3 f5 14. h4 Qd7 15.
Ke2 O-O-O 16. Rd1 Qf7 17. Qh3 Qc4 18. Qxf5+ Kb8 19. Qxe4 Nxc1+ 20. Kf3 Qxe4+ 21.
Nxe4 Nd3 22. b4 Be7 23. g3 Rhf8 24. Ke2 c5 25. bxc5 Nxc5 26. Nxc5 Bxc5 27. d4
Bb6 28. a4 Rfe8 29. Kf3 Re7 30. a5 Bc7 31. e4 Re6 32. e5 Rf8 33. Ke4 Ra6 34. d5
Rxa5 35. d6 Bb6 36. Rxa5 Bxa5 37. e6 Bd8 38. e7 Re8 39. Kd5 Bxe7 40. Re1 Kc8 41.
dxe7 Kd7 42. Rb1 b6 43. Ra1 a5 44. Rb1 Rb8 45. Re1 b5 46. g4 b4 47. f5 b3 48. g5
b2 49. Rb1 Kxe7 50. Re1+ Kf7 51. Rb1 a4 52. Kc4 a3 53. Kc3 a2 {White resigns}
0-1